 Dungeon Crawl Stone Soup version 0.29.1-1-gd02db6906a (webtiles) character file.

Game seed: 1547680883666997127

532 LustLizard the Sneak (level 7, -1/35 HPs)
             Began as a Spriggan Arcane Marksman on Sept 26, 2022.
             Slain by a quokka (3 damage)
             ... on level 4 of the Dungeon.
             The game lasted 00:11:01 (4941 turns).

LustLizard the Sneak (Spriggan Arcane Marksman)     Turns: 4941, Time: 00:11:01

Health: -1/35      AC:  2    Str:  6    XL:     7   Next: 4%
Magic:  10/10      EV: 17    Int: 15    God:
Gold:   182        SH:  0    Dex: 17    Spells: 7/8 levels left

rFire   . . .      SeeInvis +   a - +1 sling
rCold   . . .      Faith    .   (no shield)
rNeg    + . .      Spirit   .   c - +0 robe
rPois   .          Reflect  .   (helmet restricted)
rElec   .          Harm     .   (no cloak)
rCorr   .          Rampage  .   (gloves unavailable)
Will    +....                   (boots unavailable)
Stlth   ++++......              n - amulet of the acrobat
HPRegen 0.11/turn               i - ring of positive energy
MPRegen 0.12/turn               (no ring)

@: very quick
A: very small, no large weapons, unfitting armour, see invisible, speed 3
a: no special abilities


You were on level 4 of the Dungeon.
You visited 1 branch of the dungeon, and saw 4 of its levels.

You collected 182 gold pieces.

Inventory:

Hand Weapons
 a - a +1 sling (weapon)
Armour
 c - a +0 robe (worn)
Jewellery
 i - a ring of positive energy (left hand)
 m - an amulet of guardian spirit
 n - an amulet of the acrobat (around neck)
Scrolls
 b - 2 scrolls of poison
 e - a scroll of butterflies
 g - 4 scrolls of enchant armour {unknown}
 h - a scroll of amnesia {unknown}
 l - a scroll of torment {unknown}
 o - a scroll of enchant weapon {unknown}
 p - a scroll of teleportation {unknown}
Potions
 d - 2 potions of curing
 f - 2 potions of haste
 j - 2 potions of lignification
 k - a potion of mutation {unknown}


   Skills:
 + Level 2.5 Fighting
 * Level 5.0 Ranged Weapons
 - Level 2.6 Dodging
 * Level 7.0 Stealth
 - Level 1.3 Spellcasting
 - Level 4.0 Hexes


You had 7 spell levels left.
You knew the following spells:

 Your Spells              Type           Power      Damage    Failure   Level
a - Slow                  Hex            52%        N/A       4%          1

Your spell library contained the following spells:

 Spells                   Type           Power      Damage    Failure   Level
 Inner Flame              Hex/Fire       7%         N/A       30%         3
 Portal Projectile        Hex/Tloc       14%        N/A       30%         3
 Cause Fear               Hex            6%         N/A       41%         4


Dungeon Overview and Level Annotations

Branches:
Dungeon (4/15)
 Temple: D:4-7

Altars:
Gozag
Makhleb
Okawaru
Ru
Sif Muna

Annotations:
D:2 Sigmund


Innate Abilities, Weirdness & Mutations

You are very small and have problems with some larger weapons.
You are too small for most types of armour.
You have supernaturally acute eyesight. (SInv)
You cover ground extremely quickly. (Speed+++)


Message History

You are too injured to fight recklessly!
Fire: a) +1 sling
Press: ? - help, Q - select action, (/) - cycle Shift-Dir - straight line, f - gnoll
Aim: a gnoll, wielding a +0 whip (65% to hit)
You shoot a sling bullet. The sling bullet hits the gnoll.
The gnoll is moderately wounded.
Unknown command.
Fire: a) +1 sling
Press: ? - help, Q - select action, (/) - cycle Shift-Dir - straight line, f/p - gnoll
Aim: a gnoll, wielding a +0 whip (moderately wounded, 65% to hit)
You shoot a sling bullet.
The sling bullet completely misses the gnoll.
The sling bullet hits the gnoll.
The gnoll is lightly wounded.
Unknown command.
The quokka misses you. The orc wizard casts a spell at you.
You are confused.
You bump into the rock wall.
The quokka closely misses you.
The orc wizard gestures wildly while chanting.
The orc wizard flickers and vanishes for a moment.
The gnoll closely misses you.
The gnoll hits you from afar with a +0 spear.
The gnoll sergeant misses you.
You bump into the rock wall.
The quokka bites you.
* * * LOW HITPOINT WARNING * * *
The gnoll misses you. The gnoll hits you but does no damage.
The gnoll sergeant misses you. The quokka barely misses you.
You bump into the rock wall.
The gnoll completely misses you. The gnoll sergeant misses you.
The quokka bites you.
* * * LOW HITPOINT WARNING * * *
You clumsily bash the gnoll but do no damage.
The gnoll is moderately wounded.
You feel less confused.
The quokka bites you but does no damage.
The gnoll barely misses you. The gnoll misses you.
The gnoll sergeant hits you from afar with a +0 spear.
* * * LOW HITPOINT WARNING * * *
The quokka bites you.
You die...

..........#.......##.#.######..♣.
..........####....##........#...♣
..................##........#....
............##................#..
............##†.....#............
................#...#............
............##......#............
................#####............
........#..##..g@..##........####
........#.#...o.r..##........####
......o..##...gg...##.......#....
........##.......................
.........#..#......#.....#.....(.
...................#.###.#.......
###.$.#.........####.# ........ .
#...##...#....#....#####.>.....
................#...........#....


You could see a gnoll sergeant, an orc wizard (invisible), 2 gnolls and a
quokka.

Vanquished Creatures
  An ogre (D:4)
  A phantom (D:3)
  A scorpion (D:4)
  2 hounds (D:4)
  Jessica (D:2)
  2 iguanas (D:4)
  5 gnolls
  4 adders
  A worm (D:3)
  2 dart slugs
  9 orcs
  8 ball pythons
  9 endoplasms
  A giant cockroach (D:1)
  7 goblins
  3 hobgoblins
  9 jackals
  2 quokkas
  2 frilled lizards
  5 kobolds
  5 rats
80 creatures vanquished.

Notes
Turn   | Place    | Note
-------+----------+-------------------------------------------
     0 | D:1      | LustLizard the Spriggan Arcane Marksman began the quest for
                  | the Orb.
     0 | D:1      | Reached XP level 1. HP: 9/9 MP: 3/3
   128 | D:1      | Reached skill level 1 in Stealth
   236 | D:1      | Reached XP level 2. HP: 14/14 MP: 5/5
   300 | D:1      | Reached skill level 1 in Fighting
   889 | D:1      | Reached skill level 2 in Stealth
  1089 | D:2      | Found a burning altar of Makhleb.
  1208 | D:2      | Reached XP level 3. HP: 3/18 MP: 6/6
  1555 | D:2      | Identified the +1 leather armour of Nuzeo {rPois rC+ Str-3
                  | Int+7}
  1615 | D:2      | Reached skill level 3 in Stealth
  1687 | D:2      | Found a faded altar of an unknown god.
  1796 | D:2      | Reached XP level 4. HP: 22/22 MP: 7/7
  1797 | D:2      | Noticed Jessica
  1813 | D:2      | Killed Jessica
  2078 | D:2      | Noticed Sigmund
  2360 | D:3      | Reached skill level 4 in Stealth
  2826 | D:3      | Found an opulent altar of Gozag.
  2899 | D:3      | Reached XP level 5. HP: 21/26 MP: 8/8
  3125 | D:3      | Found a sacrificial altar of Ru.
  3266 | D:4      | Noticed a phantom
  3360 | D:3      | Killed a phantom
  3361 | D:3      | Reached skill level 5 in Stealth
  3787 | D:4      | Found a shimmering blue altar of Sif Muna.
  3843 | D:4      | Reached XP level 6. HP: 30/30 MP: 9/9
  4065 | D:4      | Reached skill level 6 in Stealth
  4085 | D:4      | Found an iron altar of Okawaru.
  4827 | D:4      | Reached skill level 5 in Ranged Weapons
  4862 | D:4      | Reached skill level 7 in Stealth
  4862 | D:4      | Reached XP level 7. HP: 25/35 MP: 10/10
  4941 | D:4      | Slain by a quokka

Illustrated notes

Levels and vault maps discovered:
D:1:      dreamdust_arrival_beginning_and_end, layout_basic
D:2:      layout_basic, basic_altar,
          dreamdust_ecumenical_altar_hidden_monk_grotto,
          chequers_serial_rivers_micro_b, uniq_jessica, uniq_sigmund
D:3:      layout_basic, nicolae_ru_path_of_blood,
          nicolae_gozag_cash_rules_everything_around_me,
          dreamdust_mushroom_princess
D:4:      layout_basic, mainiacjoe_overflow_paths, okawaru_trees_2,
          minmay_misc_feat_square, minmay_circle_x

Skill      XL: |  1  2  3  4  5  6 |
---------------+-------------------+-----
Stealth        | 1 2 3 4 5 7 |  7.0
Fighting       | 1 2 |  2.5
Hexes          | 4 |  4.0
Ranged Weapons | 3 4 5 |  5.0
Dodging        | |  2.6
Spellcasting   | |  1.3

Action                   |  1- 3 |  4- 6 |  7- 9 || total
-------------------------+-------+-------+-------++-------
Melee: Sling             |       |       |     1 ||     1
 Fire: Sling             |    97 |   238 |    14 ||   349
 Cast: Slow              |     1 |    18 |       ||    19
  Use: Scroll            |     1 |     3 |       ||     4
Armor: Robe              |     3 |     6 |     2 ||    11
Dodge: Dodged            |    14 |    58 |    12 ||    84
